 Dungeon Crawl Stone Soup version 0.16-a0-2179-gb75b79b (webtiles) character file.

281 wvc the Cudgeler (level 6, 5/47 HPs)
             Began as a Mummy Fighter on Nov 14, 2014.
             Quit the game on level 4 of the Dungeon.
             The game lasted 00:07:01 (4609 turns).

wvc the Cudgeler (Mummy Fighter)                    Turns: 4609, Time: 00:07:01

Health: 5/47       AC:  8    Str: 20    XL:     6   Next: 6%
Magic:  6/6        EV:  6    Int:  7    God:
Gold:   228        SH:  9    Dex: 12    Spells: 0 memorised, 5 levels left

rFire  x . .     SeeInvis .     a - +1 flail
rCold  + . .     Clarity  .     b - +0 scale mail
rNeg   + + +     SustAb   .     c - +0 shield
rPois  +         Gourm    .     (no helmet)
rElec  .         Spirit   .     (no cloak)
rCorr  .         Warding  .     (no gloves)
rMut   .         Stasis   .     i - +1 pair of boots
MR     .....                    (no amulet)
Stlth  +.........               (no ring)
                                f - ring of stealth

@: not resistant to hostile enchantments, very unstealthy
A: no food or potions, fire vulnerability, restore body, cold resistance 1,
negative energy resistance 3, poison resistance, torment resistance, unbreathing
a: no special abilities


You were on level 4 of the Dungeon.
You were not hungry.

You visited 1 branch of the dungeon, and saw 4 of its levels.

You collected 228 gold pieces.

Inventory:

Hand weapons
 a - a +1 flail (weapon)
Armour
 b - a +0 scale mail (worn)
 c - a +0 shield (worn)
 d - a +0 leather armour of cold resistance
 i - a +1 pair of boots (worn)
Jewellery
 f - a ring of stealth (left hand)
Scrolls
 e - 3 scrolls of identify
 h - 2 scrolls of enchant weapon
 j - a scroll of amnesia


   Skills:
 - Level 3.0 Fighting
 * Level 4.5 Maces & Flails
 - Level 2.4 Armour
 + Level 2.4 Dodging
 - Level 2.4 Shields


You had 5 spell levels left.
You didn't know any spells.

Dungeon Overview and Level Annotations

Branches:
Dungeon (4/15)
 Temple: D:4-7

Altars:
Fedhas
Trog
Yredelemnul


Innate Abilities, Weirdness & Mutations

You do not eat or drink.
Your flesh is vulnerable to fire.
Your flesh is cold resistant.
You are immune to negative energy.
Your system is resistant to poisons.
You are immune to unholy pain and torment.
You can survive without breathing.


Message History

The orc priest hits you but does no damage. x2
You sock the orc priest!
You kill the orc priest!
You have reached level 6!
Your experience leads to an increase in your attributes!
Increase (S)trength, (I)ntelligence, or (D)exterity?
You feel agile.
The orc priest invokes the aid of Beogh against you.
You struggle to resist.
Read which item? (? for menu, Esc to quit)
As you read the scroll of fog, it crumbles to dust.
The scroll dissolves into smoke.
The orc priest hits you from afar with a glowing trident.
* * * LOW HITPOINT WARNING * * *
You hit the orc priest but do no damage.
You block the orc wizard's attack. You block the orc priest's attack.
The orc wizard hits you but does no damage.
Read which item? (? for menu, Esc to quit)
Okay, then.
Are you sure you want to abandon this character and quit the game? (Confirm with "yes".)

# # ..####. ####
...#.. ##..###
....# ####......
#..######.........
#..§............##
#§§§...........##
##o§§§.###......#
#o@§§####.......#
#o##§§§###...)...#
o. ##§§##........#
#.o #...#........#
#.. ##...........#
. ##.........##
##.)†###### ##).##
##..##


You could see an orc priest, an orc wizard and an orc.

Vanquished Creatures
  3 orc priests (D:4)
  An orc wizard (D:3)
  Ijyb (D:2)
  An adder (D:2)
  4 gnolls (D:2)
  3 worms (D:2)
  6 giant geckos
  8 orcs
  A ball python (D:2)
  2 giant cockroaches
  9 goblins
  6 hobgoblins
  2 jackals (D:3)
  4 bats
  5 giant newts
  2 gnoll zombies (D:2)
  9 kobolds
  A quokka (D:2)
  10 rats
78 creatures vanquished.

Notes
Turn   | Place    | Note
--------------------------------------------------------------
     0 | D:1      | wvc, the Mummy Fighter, began the quest for the Orb.
     0 | D:1      | Reached XP level 1. HP: 18/18 MP: 1/1
   342 | D:1      | Reached XP level 2. HP: 24/24 MP: 2/2
   670 | D:2      | Found a bloodstained altar of Trog.
   859 | D:2      | Found a blossoming altar of Fedhas.
  1102 | D:2      | Noticed Ijyb
  1117 | D:2      | Killed Ijyb
  1117 | D:2      | Reached XP level 3. HP: 22/29 MP: 3/3
  1198 | D:2      | Found a basalt altar of Yredelemnul.
  1323 | D:2      | Reached skill level 1 in Dodging
  1706 | D:2      | Reached XP level 4. HP: 3/35 MP: 4/4
  3092 | D:3      | Reached XP level 5. HP: 41/41 MP: 5/5
  3346 | D:3      | Reached skill level 4 in Maces & Flails
  3763 | D:4      | Noticed an ogre
  3880 | D:4      | Noticed a phantom
  4604 | D:4      | Reached XP level 6. HP: 8/47 MP: 6/6
  4609 | D:4      | Quit the game

Action                   |  1- 3 |  4- 6 || total
-------------------------+-------+-------++-------
Melee: Flail             |   119 |   165 ||   284
  Use: Scroll            |     4 |     7 ||    11
